 Dungeon Sprint DCSS version 0.18-a0-1655-ge2d8d33 (webtiles) character file.

8200000 namelastname112 the Sabretooth (level 25, -10/140 HPs)
             Began as a Felid Monk on Mar 30, 2016.
             Was the Champion of Makhleb.
             Mangled by a meat berserker
             ... wielding a +9 battleaxe
              (58 damage)
             ... in the Dungeon (Sprint VIII: "Arena of Blood").
             The game lasted 00:01:35 (82 turns).

namelastname112 the Sabretooth (Felid Monk)           Turns: 82, Time: 00:01:36

Health: -10/140    AC:  3    Str:  7    XL:     25   Next: 20%
Magic:  55/55      EV: 46    Int: 14    God:    Makhleb [******]
Gold:   0          SH:  0    Dex: 28    Spells: 0 memorised, 78 levels left
                                        Lives:  0   Deaths: 3

rFire  . . .     SeeInvis +       - Unarmed
rCold  + . .     Gourm    .     (armour unavailable)
rNeg   . . .     Faith    .     (shield unavailable)
rPois  .         Spirit   .     (helmet unavailable)
rElec  .         Dismiss  .     (cloak unavailable)
rCorr  .         Reflect  .     (gloves unavailable)
SustAt .         Harm     .     (boots unavailable)
MR     +++..     NoTele   +     (no amulet)
Stlth  ++++++++++               (no ring)
                                h - +27000 ring of slaying

@: very slightly contaminated, quick, extremely resistant to hostile
enchantments, uncannily stealthy
A: no armour, no weapons or thrown items, claws 1, fangs 3, see invisible,
carnivore 3, speed 1, shaggy fur 3, slow metabolism 1, sharp paws
a: Minor Destruction, Lesser Servant of Makhleb, Major Destruction, Greater
Servant of Makhleb, Renounce Religion


You were in the Dungeon.
You worshipped Makhleb.
Makhleb was exalted by your worship.
You were not hungry.

You visited 1 branch

Inventory:

Jewellery
 h - a +27000 ring of slaying (left paw)
Potions
 b - a potion of curing
 c - a potion of heal wounds
 d - a potion of haste
 e - 2 potions of magic
 f - a potion of berserk rage
Comestibles
 a - a meat ration


   Skills:
 O Level 27 Fighting
 O Level 27 Dodging
 O Level 27 Stealth
 O Level 27 Unarmed Combat
 O Level 27 Spellcasting
 O Level 27 Invocations


You had 78 spell levels left.
You didn't know any spells.

Dungeon Overview and Level Annotations

Branches:
Dungeon (1/1)

Altars:
Makhleb

Annotations:
D The Captor, The Servant


Innate Abilities, Weirdness & Mutations

You cannot wear armour.
You are incapable of wielding weapons or throwing items.
You have sharp claws.
You have razor-sharp teeth.
You have supernaturally acute eyesight.
You are carnivorous and can eat meat at any time.
You cover ground quickly.
Your thick and shaggy fur keeps you warm (AC +3, rC+).
You have a slow metabolism.
Your sharp claws are effective at attacking unaware monsters.


Message History

The large bag of meat moves out of view.
You hear a shout!
The meat berserker hits you with a +9 battleaxe!!
The meat beast completely misses you. x2
You hear a shout!
An orc and 2 crawling corpses come into view.
Read which item? (? for menu, Esc to quit)
Blink to where?
Press: ? - help, Dir - move target cursor You are very lightly contaminated with residual magic.
As you read the scroll of blinking, it crumbles to dust. 2 orcs come into view.
The meat berserker rages.
You hear a shout!
The meat berserker rages.
You hear a shout! x6
The large abomination completely misses you.
The bag of meat moves out of view.
The meat berserker hits you with a +9 battleaxe!!!
You die... ..X. ...... ..#.#.L.O.. ...... .....z...####.o.... o...X.XX........W. oo.......L.......oo.#.. o.oO......X....oOo.ooW. o........o2..oo§xooo# #.oO....#WXXOOO2oCo.ooo

. #.o.....#@O.O2OCoxO.##.
..###.......###oOVoOoo.Co..
...o..###...O)x.ooo...###.
..#........o........o......
#.... .#....M#.....Oo#.#...
.... #_.<._#...o..........
# ... #..MO)#......#.#.#
%.#.x......_......oo......
..o.x.o..o###........o#o#.


You could see a tentacled monstrosity, 3 meat beasts, 2 tyrants, a destroyer, a
sculptor of flesh, a large bag of meat (inner flame), 5 large abominations, a
dread, 10 meat berserkers, 15 bags of meat and a crawling corpse.

Vanquished Creatures
  A greater mummy (D)
  9 vampire knights (D)
  14 ogres (D)
  22 orcs (D)
  2 hill giants (D)
  2 skeletal warriors (D)
  3 small abominations (D)
  A large abomination (D)
54 creatures vanquished.

Vanquished Creatures (others)
  3 crawling corpses (D)
3 creatures vanquished.

Grand Total: 57 creatures vanquished

Notes
Turn   | Place    | Note
--------------------------------------------------------------
     0 | D        | namelastname112 the Felid Monk began the quest for the Orb.
     0 | D        | Reached XP level 1. HP: 10/10 MP: 2/2
     4 | D        | Became a worshipper of Makhleb the Destroyer
     4 | D        | Reached * piety under Makhleb
     4 | D        | Reached ** piety under Makhleb
     7 | D        | Noticed a bag of meat
     8 | D        | Noticed a bag of meat
     8 | D        | Noticed a bag of meat
    12 | D        | Noticed a bag of meat
    13 | D        | Noticed a bag of meat
    13 | D        | Noticed a bag of meat
    14 | D        | Noticed a meat berserker
    14 | D        | Killed a bag of meat
    14 | D        | Reached XP level 2. HP: 24/24 MP: 3/3
    14 | D        | Reached XP level 3. HP: 28/28 MP: 4/4
    14 | D        | Reached XP level 4. HP: 32/32 MP: 5/5
    14 | D        | Reached XP level 5. HP: 36/36 MP: 6/6
    14 | D        | Gained mutation: You are covered in thick fur (AC +2). [Felid growth]
    14 | D        | Reached XP level 6. HP: 40/40 MP: 7/7
    14 | D        | Reached XP level 7. HP: 43/43 MP: 8/8
    14 | D        | Reached XP level 8. HP: 48/48 MP: 9/9
    14 | D        | Reached XP level 9. HP: 51/51 MP: 10/10
    14 | D        | Reached XP level 10. HP: 55/55 MP: 11/11
    14 | D        | Reached XP level 11. HP: 59/59 MP: 12/12
    15 | D        | Noticed a meat berserker
    17 | D        | Noticed a bag of meat
    17 | D        | Noticed a bag of meat
    18 | D        | Noticed a meat berserker
    18 | D        | Noticed a meat berserker
    18 | D        | Annihilated by a meat berserker
    19 | D        | Reached XP level 10. HP: -34/55 MP: 11/11
    19 | D        | Noticed a bag of meat
    19 | D        | Noticed a bag of meat
    19 | D        | Noticed a large bag of meat
    19 | D        | Noticed a bag of meat
    19 | D        | Noticed a bag of meat
    19 | D        | Killed a bag of meat
    19 | D        | Reached skill level 15 in Fighting
    19 | D        | Reached XP level 11. HP: 62/62 MP: 12/12
    19 | D        | Gained mutation: Your thick and shaggy fur keeps you warm (AC +3, rC+). [Felid growth]
    19 | D        | Reached XP level 12. HP: 66/66 MP: 13/13
    20 | D        | Killed a bag of meat
    20 | D        | Reached *** piety under Makhleb
    20 | D        | Reached XP level 13. HP: 72/72 MP: 14/14
    21 | D        | Noticed a bag of meat
    21 | D        | Noticed a bag of meat
    21 | D        | Killed a bag of meat
    21 | D        | Reached skill level 10 in Stealth
    21 | D        | Reached XP level 14. HP: 78/78 MP: 15/15
    22 | D        | Noticed a bag of meat
    23 | D        | Noticed a bag of meat
    24 | D        | Noticed a bag of meat
    24 | D        | Noticed a destroyer
    25 | D        | Killed a bag of meat
    25 | D        | Reached **** piety under Makhleb
    25 | D        | Reached skill level 27 in Unarmed Combat
    26 | D        | Killed a large bag of meat
    28 | D        | Killed a bag of meat
    28 | D        | Reached skill level 27 in Dodging
    28 | D        | Reached XP level 15. HP: 88/88 MP: 16/16
    29 | D        | Reached ***** piety under Makhleb
    29 | D        | Reached skill level 15 in Stealth
    30 | D        | Noticed a meat berserker
    31 | D        | Noticed The Servant
    31 | D        | Killed a meat berserker
    31 | D        | Reached skill level 27 in Fighting
    31 | D        | Reached XP level 16. HP: 100/100 MP: 17/17
    32 | D        | Reached skill level 27 in Stealth
    33 | D        | Noticed a sculptor of flesh
    33 | D        | Reached skill level 10 in Invocations
    34 | D        | Killed a destroyer
    34 | D        | Reached XP level 17. HP: 104/104 MP: 17/39
    36 | D        | Noticed a sculptor of flesh
    36 | D        | Reached ****** piety under Makhleb
    37 | D        | Noticed a large bag of meat
    37 | D        | Reached XP level 18. HP: 109/109 MP: 17/44
    38 | D        | Noticed a meat berserker
    38 | D        | Killed a meat berserker
    39 | D        | Noticed a sculptor of flesh
    39 | D        | Reached skill level 27 in Invocations
    40 | D        | Killed a meat berserker
    40 | D        | Reached skill level 27 in Spellcasting
    40 | D        | Reached XP level 19. HP: 113/113 MP: 17/51
    41 | D        | Killed a meat berserker
    42 | D        | Noticed a destroyer
    42 | D        | Noticed a meat berserker
    43 | D        | Killed a meat berserker
    43 | D        | Reached XP level 20. HP: 118/118 MP: 18/52
    44 | D        | Noticed a meat berserker
    46 | D        | Noticed a destroyer
    46 | D        | Killed a meat berserker
    48 | D        | Noticed a meat berserker
    48 | D        | Noticed a destroyer
    49 | D        | Noticed a destroyer
    49 | D        | Killed a meat berserker
    49 | D        | Reached XP level 21. HP: 122/122 MP: 19/53
    51 | D        | Noticed a destroyer
    52 | D        | Noticed a destroyer
    53 | D        | Noticed a destroyer
    54 | D        | Noticed a destroyer
    55 | D        | Reached XP level 22. HP: 127/127 MP: 20/54
    56 | D        | Killed a destroyer
    57 | D        | Noticed a destroyer
    59 | D        | Killed a destroyer
    59 | D        | Reached XP level 23. HP: 131/131 MP: 21/55
    60 | D        | Killed a destroyer
    61 | D        | Noticed a destroyer
    62 | D        | Noticed The Captor
    62 | D        | Reached XP level 24. HP: 136/136 MP: 21/55
    63 | D        | Noticed a destroyer
    66 | D        | Killed a destroyer
    67 | D        | Killed a destroyer
    68 | D        | Reached XP level 25. HP: 19/140 MP: 22/55
    68 | D        | Annihilated by The Servant
    69 | D        | Reached XP level 24. HP: -34/136 MP: 22/55
    69 | D        | Noticed an accursed
    69 | D        | Noticed a destroyer
    69 | D        | Noticed a destroyer
    71 | D        | Noticed an accursed
    73 | D        | Noticed a meat beast
    74 | D        | Noticed a destroyer
    74 | D        | Noticed a meat beast
    74 | D        | Noticed a dread
    74 | D        | Noticed a destroyer
    75 | D        | Noticed a tyrant
    76 | D        | Noticed a meat beast
    76 | D        | Killed a destroyer
    76 | D        | Annihilated by a meat berserker
    77 | D        | Reached XP level 23. HP: -22/131 MP: 55/55
    77 | D        | Noticed a dread
    77 | D        | Noticed a tyrant
    77 | D        | Noticed a dread
    77 | D        | Killed a destroyer
    77 | D        | Reached XP level 24. HP: 136/136 MP: 55/55
    78 | D        | Killed an accursed
    79 | D        | Killed a destroyer
    79 | D        | Reached XP level 25. HP: 140/140 MP: 55/55
    82 | D        | Mangled by a meat berserker

Vault maps used:
D:        meatsprint

Skill      XL: |  1  2  3  4  5  6  7  8  9 10 11 12 13 14 15 16 17 18 |
---------------+-------------------------------------------------------+-----
Fighting       | 13 15 17 18 22 27 | 27.0
Dodging        | 16 19 21 22 27 | 27.0
Stealth        | 8 9 10 13 23 27 | 27.0
Unarmed Combat | 20 23 25 26 27 | 27.0
Spellcasting   | 17 21 27 | 27.0
Invocations    | 18 23 27 | 27.0

Action                   |  1- 3 |  4- 6 |  7- 9 | 10-12 | 13-15 | 16-18 | 19-21 | 22-24 | 25-27 || total
-------------------------+-------+-------+-------+-------+-------+-------+-------+-------+-------++-------
Melee: Unarmed           |     1 |       |       |     2 |     6 |     9 |    15 |    19 |     2 ||    54
  Use: Scroll            |       |       |       |       |       |       |       |       |     1 ||     1
